 Dungeon Crawl Stone Soup version 0.30.0-5-g1a98f26d00 (webtiles) character file.

Game seed: 17854539348470961283

259 RascalDebosk the Magician (level 6, -1/46 HPs)
             Began as a Djinni Necromancer on May 9, 2023.
             Slain by a jelly (2 damage)
             ... on level 4 of the Dungeon.
             The game lasted 00:17:03 (3065 turns).

RascalDebosk the Magician (Djinni Necromancer)      Turns: 3065, Time: 00:17:03

Health: -1/46      AC:  1    Str:  7    XL:     6   Next: 40%
Gold:   232        EV: 10    Int: 19    God:
                   SH:  0    Dex: 13

rFire   + + .        g - +0 falchion
rCold   x . .        (no shield)
rNeg    . . .        p - +0 ring mail
rPois   ∞            (no helmet)
rElec   .            (no cloak)
rCorr   .            (no gloves)
SInv    +            (boots unavailable)
Will    .....        m - amulet of regeneration
Stlth   +            n - ring of see invisible
HPRegen 1.07/turn    (no ring)
MPRegen 0.00/turn

%: infuse magic (-2 HP)
@: corroded, flying
A: sickness immunity, fire resistance 2, cold vulnerability 1, float, innate
caster, HP casting, extra vitality 1
a: no special abilities


You were on level 4 of the Dungeon.
You visited 1 branch of the dungeon, and saw 4 of its levels.

You collected 232 gold pieces.

Inventory:

Hand Weapons
 g - a +0 falchion (weapon)
Missiles
 s - a throwing net {@!f}
Armour
 a - a +0 robe
 i - a +0 chain mail of fire resistance
 p - a +0 ring mail (worn)
Jewellery
 m - an amulet of regeneration (around neck)
 n - a ring of see invisible (left hand)
Scrolls
 b - 3 scrolls of identify {unknown}
 c - a scroll of vulnerability {unknown}
 f - a scroll of fog {unknown}
 h - a scroll of enchant weapon {unknown}
 l - a scroll of immolation {unknown}
 o - a scroll of poison {unknown}
 q - a scroll of enchant armour {unknown}
Potions
 d - 3 potions of cancellation {unknown}
 e - 4 potions of ambrosia {unknown}
 j - a potion of curing {unknown}
 k - 3 potions of heal wounds {unknown}
 r - a potion of lignification {unknown}


   Skills:
 * Level 3.5 Fighting
 + Level 2.3 Armour
 - Level 2.1 Dodging
 - Level 1.5 Stealth
 * Level 4.3 Spellcasting


You knew the following spells:

 Your Spells              Type           Power      Damage    Failure   Level
a - Necrotise             Necr           80%        1d8       8%          1
b - Vampiric Draining     Necr           20%        2d7       22%         3
c - Animate Dead          Necr           20%        N/A       58%         4
d - Agony                 Necr           20%        N/A       90%         5
e - Foxfire               Conj/Fire      80%        2x1d8     8%          1
f - Passwall              Tmut/Erth      16%        N/A       11%         2
Your spell library was empty.

Dungeon Overview and Level Annotations

Branches:
Dungeon (4/15)
 Temple: D:4-7

Altars:


Innate Abilities, Weirdness & Mutations

You are immune to sickness and miasma.
You are immune to poison.
Your flesh is very heat resistant. (rF++)
You are vulnerable to cold. (rC-)
You float through the air rather than walking.
You learn spells naturally, not from books.
Your magical power is your life essence.
You have superior vitality. (+4 MHP)


Message History

You kill the goblin!
Casting: Foxfire (safe; 8% risk of failure)
Confirm with . or Enter, or press ? or * to list all spells.
You conjure some foxfire!
The gnoll hits you from afar with a +0 spear.
The gnoll bouda hits you with a +0 whip.
Casting: Foxfire (safe; 8% risk of failure)
Confirm with . or Enter, or press ? or * to list all spells.
You miscast Foxfire.
Nothing appears to happen.
The foxfire hits the gnoll bouda.
The gnoll bouda is severely wounded.
The foxfire hits the gnoll bouda but does no damage.
The gnoll bouda is severely wounded.
The gnoll throws a throwing net.
The throwing net closely misses you.
The gnoll bouda hits you with a +0 whip!
Casting: Foxfire (safe; 8% risk of failure)
Confirm with . or Enter, or press ? or * to list all spells.
You conjure some foxfire!
The gnoll misses you. The gnoll bouda misses you.
Casting: Foxfire (safe; 8% risk of failure)
Confirm with . or Enter, or press ? or * to list all spells.
You conjure some foxfire!
Your attacks no longer feel as feeble.
The foxfire hits the gnoll bouda.
The gnoll bouda is almost dead.
The foxfire hits the gnoll bouda.
You kill the gnoll bouda!
The gnoll hits you from afar with a +0 spear.
Casting: Foxfire (safe; 8% risk of failure)
Confirm with . or Enter, or press ? or * to list all spells.
You conjure some foxfire!
The foxfire hits the gnoll!
The gnoll is heavily wounded.
The foxfire hits the gnoll.
The gnoll is almost dead.
The gnoll closely misses you.
Casting: Foxfire (safe; 8% risk of failure)
Confirm with . or Enter, or press ? or * to list all spells.
You conjure some foxfire!
The foxfire hits the gnoll.
You kill the gnoll!
You start resting.
Your foxfire dissipates!
You start resting.
Your foxfire dissipates!
You start resting.
Your foxfire dissipates!
You start resting.
Your magical contamination has completely faded away.
You start resting.
HP restored.
Things that are here:
a +0 dagger; a goblin corpse
b - 3 scrolls labelled LOCLAC DEAVI (gained 1)
Things that are here:
a +0 dagger; a goblin corpse You see here a +0 halberd.
s - a throwing net {@!f} A goblin comes into view.
It is wielding a +0 dagger.
Found 6 gold pieces.
The goblin shouts!
Casting: Foxfire (safe; 8% risk of failure)
Confirm with . or Enter, or press ? or * to list all spells.
Aiming: Necrotise (safe; 8% risk of failure)
Press: ? - help, Shift-Dir - straight line, f - goblin
Aim: a goblin, wielding a +0 dagger (chance to affect: 89%)
The goblin writhes in agony.
The goblin unwields a +0 dagger.
The goblin wields a +0 sling.
The goblin shoots a sling bullet.
The sling bullet closely misses you.
Casting: Necrotise (safe; 8% risk of failure)
Confirm with . or Enter, or press ? or * to list all spells.
Aiming: Necrotise (safe; 8% risk of failure)
Press: ? - help, Shift-Dir - straight line, f/p - goblin
Aim: a goblin, wielding a +0 sling (heavily wounded, chance to affect: 89%)
The goblin writhes in agony.
You kill the goblin!
The dead are walking!
You swap places.
Things that are here:
a +0 sling; a +0 dagger You now have 232 gold pieces (gained 6).
A hobgoblin comes into view.
The hobgoblin moves out of view.
Your goblin skeleton crumbles into dust!
An ogre and a jelly come into view.
Found a stone staircase leading down.
The jelly quivers.
The hobgoblin hits you but does no damage.
You completely miss the hobgoblin. The hobgoblin barely misses you.
You hit the hobgoblin.
The hobgoblin is severely wounded.
The hobgoblin closely misses you.
You hit the hobgoblin.
You kill the hobgoblin!
The jelly hits you.
You are splashed with acid!
You see here a hobgoblin corpse.
You hit the jelly. The acid corrodes you!
Your hands burn!
The jelly is lightly wounded.
The ogre hits you with a +0 giant spiked club!!
Ouch! That really hurt!
* * * LOW HITPOINT WARNING * * *
The jelly barely misses you. The jelly hits you.
You die...

.#####.######..
..).##.......#
###.....####..
#####..## ##
##..### .#
##...# .#
###.#####.###.#
#...........#
######@.....#
#JO....#
#>......#
......#..
#.....# #
#.......
#.....###
#.....#


You could see an ogre and a jelly.

Vanquished Creatures
  A gnoll bouda (D:4)
  An orc priest (D:3)
  An orc wizard (D:3)
  4 gnolls (D:4)
  4 adders
  A shadow imp (D:4)
  An ufetubus (D:4)
  A worm (D:2)
  4 dart slugs (D:1)
  7 orcs
  3 ball pythons
  5 endoplasms
  4 giant cockroaches
  5 goblins
  6 hobgoblins
  2 jackals (D:2)
  2 quokkas (D:3)
  8 bats
  4 frilled lizards
  6 kobolds
  2 rats (D:1)
72 creatures vanquished.

Vanquished Creatures (collateral kills)
  A frilled lizard (D:2)
1 creature vanquished.

Vanquished Creatures (others)
  A bat zombie (D:2)
  185 foxfires
186 creatures vanquished.

Grand Total: 259 creatures vanquished

Notes
Turn   | Place    | Note
-------+----------+-------------------------------------------
     0 | D:1      | RascalDebosk the Djinni Necromancer began the quest for the
                  | Orb.
     0 | D:1      | RascalDebosk set off with the following spells memorised:
                  | Necrotise, Vampiric Draining, Animate Dead, Agony.
     0 | D:1      | Reached XP level 1. HP: 15/15 MP: 0/0
   130 | D:1      | Reached XP level 2. HP: 21/22 MP: 0/0
   382 | D:1      | Reached skill level 1 in Fighting
   633 | D:1      | Reached XP level 3. HP: 26/27 MP: 0/0
   633 | D:1      | Learned a level 1 spell: Foxfire
   831 | D:1      | Reached skill level 1 in Armour
  1629 | D:2      | Reached XP level 4. HP: 32/33 MP: 0/0
  2432 | D:3      | Reached XP level 5. HP: 29/39 MP: 0/0
  2432 | D:3      | Learned a level 2 spell: Passwall
  2435 | D:3      | Reached skill level 4 in Spellcasting
  2957 | D:4      | Reached XP level 6. HP: 46/46 MP: 0/0
  3060 | D:4      | Noticed an ogre
  3065 | D:4      | HP: 1/46 [ogre/+0 giant spiked club (34)]
  3065 | D:4      | Slain by a jelly

Illustrated notes

Levels and vault maps discovered:
D:1:      amcnicky_arrival_gap_in_the_tavern_cellar, layout_loops_corners
D:2:      layout_basic, minivault_25, kennysheep_small_spiral
D:3:      layout_basic
D:4:      layout_rooms, nicolae_shop_gadgets

Skill      XL: |  1  2  3  4  5 |
---------------+----------------+-----
Fighting       | 1 2 3 |  3.5
Armour         | 1 2 |  2.3
Spellcasting   | 4 |  4.3
Dodging        | |  2.1
Stealth        | |  1.5

Action                     |  1- 3 |  4- 6 || total
---------------------------+-------+-------++-------
  Melee: Falchion          |    17 |    17 ||    34
   Cast: Necrotise         |    40 |     9 ||    49
         Foxfire           |    28 |    81 ||   109
         Animate Dead      |       |     2 ||     2
 Armour: Robe              |     3 |     2 ||     5
         Ring mail         |       |     1 ||     1
  Dodge: Dodged            |    12 |    19 ||    31
